 Dungeon Crawl Stone Soup version 0.29.0-15-g675c0067aa (webtiles) character file.

Game seed: 2521527295479027720

784 qw the Chopper (level 7, 0/44 HPs)
             Began as a Gargoyle Fighter on Sept 11, 2022.
             Slain by Duvessa
             ... wielding a +0 short sword of venom
              (7 damage)
             ... on level 4 of the Dungeon.
             The game lasted 00:01:33 (4108 turns).

qw the Chopper (Gargoyle Fighter)                   Turns: 4108, Time: 00:01:33

Health: 0/44       AC: 17    Str: 22    XL:     7   Next: 86%
Magic:  7/7        EV:  6    Int:  8    God:
Gold:   155        SH:  8    Dex:  9    Spells: 6/6 levels left

rFire   . . .      SeeInvis .   n - +2 war axe
rCold   . . .      Faith    .   c - +0 buckler
rNeg    + . .      Spirit   .   j - +0 plate armour
rPois   inf        Reflect  .   (no helmet)
rElec   +          Harm     .   (no cloak)
rCorr   .          Rampage  .   i - +0 pair of gloves
Will    .....                   (no boots)
Stlth   ..........              (no amulet)
HPRegen 0.14/turn               (no ring)
MPRegen 0.10/turn               (no ring)

@: no status effects
A: sickness immunity, AC +4, negative energy resistance 1, electricity
resistance, torment resistance 1, petrification resistance, large bone plates 1
a: no special abilities


You were on level 4 of the Dungeon.
You visited 1 branch of the dungeon, and saw 4 of its levels.

You collected 155 gold pieces.


Innate Abilities, Weirdness & Mutations

You are immune to sickness and miasma.
Your stone body is resilient. (AC +4)
You are immune to poison.
You resist negative energy. (rN+)
You are resistant to electric shocks. (rElec)
You are resistant to unholy torment.
You are immune to petrification.
You are partially covered in large bone plates. (SH +4)


   Skills:
 + Level 4.6 Fighting
 - Level 7.0 Axes
 - Level 4.3 Armour
 - Level 3.2 Shields


You had 6 spell levels left.
You didn't know any spells.
Your spell library was empty.

Inventory:

Hand Weapons
 e - a +0 flail
 n - a +2 war axe (weapon)
Missiles
 q - a boomerang (quivered)
Armour
 c - a +0 buckler (worn)
 i - a +0 pair of gloves (worn)
 j - a +0 plate armour (worn)
Jewellery
 k - a ring of ice
Scrolls
 a - a scroll of identify
Potions
 b - a potion of brilliance {unknown}
 d - a potion of might
 f - 3 potions of mutation
 g - a potion of heal wounds
 h - 2 potions of lignification
 l - 2 potions of attraction
 m - 2 potions of curing
 r - a potion of resistance

Dungeon Overview and Level Annotations

Branches:
Dungeon (4/15)
 Temple: D:4-7

Altars:
Ashenzari
Gozag
Makhleb
Okawaru
Qazlal

Annotations:
D:4 Duvessa


Message History

You slash Duvessa!
Duvessa is lightly wounded.
You are no longer glowing.
Duvessa hits you with a +0 short sword of venom.
You slash Duvessa!
Duvessa is moderately wounded.
Duvessa barely misses you.
Duvessa hits you with a +0 short sword of venom!
You hit Duvessa.
Duvessa is moderately wounded.
Duvessa hits you with a +0 short sword of venom!
You block Duvessa's attack.
4101 ||| DRINKING 3 potions of heal wounds.
You feel much better. Duvessa hits you but does no damage.
You hit Duvessa.
Duvessa is moderately wounded.
You block Duvessa's attack. Duvessa hits you but does no damage.
You slash Duvessa!
Duvessa is heavily wounded.
Duvessa hits you with a +0 short sword of venom!
Duvessa hits you but does no damage.
You closely miss Duvessa.
Duvessa is heavily wounded.
Duvessa hits you with a +0 short sword of venom.
You block Duvessa's attack.
You slash Duvessa!
Duvessa is severely wounded.
You block Duvessa's attack. Duvessa barely misses you.
You slash Duvessa!
Duvessa is almost dead.
Duvessa hits you but does no damage.
You closely miss Duvessa.
Duvessa is almost dead.
Duvessa hits you but does no damage.
Duvessa hits you with a +0 short sword of venom!
4108 ||| DRINKING 2 potions of heal wounds.
You feel much better.
Duvessa hits you with a +0 short sword of venom! x2
You die...

.7...7...7.##.#....#.#.
............##.#....#.#.
.7...7...7....>.#......#.
...............##......##.
7...7...7...7..##.........
..............##......###
.7...7...7...###......#
..............# #......#
7...7...7@..7.# #......#
........e.....# #...>..#
.7...7...7...###.)....#
........).....#........#
7...7...7...7.#.########
.............##.#
#..............#
################


You could see Duvessa (berserk).

Vanquished Creatures
  A scorpion (D:4)
  5 wights (D:4)
  Dowan (D:4)
  A howler monkey (D:4)
  3 orc priests
  An iguana (D:4)
  3 orc wizards
  3 gnolls (D:4)
  5 adders
  2 worms (D:2)
  5 dart slugs
  7 orcs
  8 ball pythons
  5 bats
  6 endoplasms
  8 giant cockroaches
  7 goblins
  5 hobgoblins
  6 jackals (D:1)
  9 kobolds
  3 quokkas
  A frilled lizard (D:1)
  4 rats
99 creatures vanquished.

Notes
Turn   | Place    | Note
-------+----------+-------------------------------------------
     0 | D:1      | qw the Gargoyle Fighter began the quest for the Orb.
     0 | D:1      | Reached XP level 1. HP: 14/14 MP: 1/1
     0 | D:1      | 0 ||| qw: Version: 0.1-a-119-g272c26d
     0 | D:1      | 0 ||| qw: Game counter: 10740
     0 | D:1      | 0 ||| qw: Always use a shield: true
     0 | D:1      | 0 ||| qw: God list: Okawaru
     0 | D:1      | 0 ||| qw: Allow faded altars: false
     0 | D:1      | 0 ||| qw: Do Orc after D:15 true
     0 | D:1      | 0 ||| qw: Do second Lair branch before Depths: true
     0 | D:1      | 0 ||| qw: Lair rune preference: random
     0 | D:1      | 0 ||| qw: Plans: Normal, Zot, God:TSO, Crypt, Tomb, Pan,
                  | Slime, Hells, Zig, Abyss, Orb
     0 | D:1      | 0 ||| PLANNING D:1-11
    22 | D:1      | Reached skill level 2 in Axes
    36 | D:1      | 36 ||| Stepping ~*~*~tactically~*~*~ (hiding).
   217 | D:1      | Reached XP level 2. HP: 19/19 MP: 2/2
   363 | D:1      | 363 ||| Stepping ~*~*~tactically~*~*~ (hiding).
   365 | D:1      | 365 ||| Stepping ~*~*~tactically~*~*~ (hiding).
   477 | D:1      | 477 ||| Stepping ~*~*~tactically~*~*~ (stealth).
   478 | D:1      | 478 ||| Stepping ~*~*~tactically~*~*~ (stealth).
   689 | D:1      | Reached skill level 3 in Axes
   714 | D:1      | Reached XP level 3. HP: 21/23 MP: 3/3
  1294 | D:1      | 1294 ||| UPGRADING to +0 plate armour.
  1304 | D:1      | 1304 ||| DROPPING +0 scale mail.
  1305 | D:1      | 1305 ||| READING 3 scrolls labelled JALLEN NEHANAN.
  1306 | D:1      | 1306 ||| READING scroll labelled KUDIW INGAGU.
  1307 | D:1      | 1307 ||| READING scroll labelled ERIH OTITYOH.
  1308 | D:1      | 1308 ||| DRINKING 2 smoky puce potions.
  1308 | D:1      | Gained mutation: You are partially covered in large bone
                  | plates. (SH +4) [potion of mutation]
  1309 | D:1      | 1309 ||| DRINKING 3 black potions.
  1310 | D:1      | 1310 ||| DRINKING 3 puce potions.
  1311 | D:1      | 1311 ||| READING 2 scrolls of identify.
  1311 | D:1      | 1311 ||| IDENTIFYING sedimented puce potion
  1380 | D:2      | 1380 ||| Stepping ~*~*~tactically~*~*~ (stealth).
  1492 | D:2      | 1492 ||| Stepping ~*~*~tactically~*~*~ (stealth).
  1607 | D:2      | 1607 ||| Stepping ~*~*~tactically~*~*~ (stealth).
  1855 | D:2      | 1855 ||| Stepping ~*~*~tactically~*~*~ (stealth).
  1867 | D:2      | Reached XP level 4. HP: 28/28 MP: 4/4
  1868 | D:2      | Reached skill level 4 in Axes
  1928 | D:2      | You fall into a shaft and drop 1 floor!
  1928 | D:3      | Found a broken altar of Ashenzari.
  1934 | D:3      | 1934 ||| Stepping ~*~*~tactically~*~*~ (hiding).
  1937 | D:3      | 1937 ||| Stepping ~*~*~tactically~*~*~ (hiding).
  1976 | D:3      | Reached XP level 5. HP: 28/32 MP: 5/5
  1980 | D:3      | 1980 ||| Stepping ~*~*~tactically~*~*~ (stealth).
  2053 | D:3      | 2053 ||| Stepping ~*~*~tactically~*~*~ (stealth).
  2060 | D:3      | 2060 ||| FLEEEEING.
  2065 | D:3      | 2065 ||| FLEEEEING.
  2066 | D:3      | 2066 ||| FLEEEEING.
  2067 | D:3      | 2067 ||| STAIRDANCE
  2586 | D:2      | 2586 ||| READING scroll labelled ISTIWK HEDOV.
  2587 | D:2      | 2587 ||| READING scroll labelled QUL XEATUHA.
  2588 | D:2      | 2588 ||| READING scroll labelled WEMPYT HYDEW.
  2589 | D:2      | 2589 ||| READING scroll labelled ZUUMEN HAGUEL.
  2590 | D:2      | 2590 ||| DRINKING 3 brown potions.
  2591 | D:2      | 2591 ||| DRINKING 2 fizzy grey potions.
  2592 | D:2      | 2592 ||| READING 3 scrolls of identify.
  2592 | D:2      | 2592 ||| IDENTIFYING emerald potion
  2593 | D:2      | 2593 ||| READING 2 scrolls of identify.
  2593 | D:2      | 2593 ||| IDENTIFYING blue potion
  2594 | D:2      | 2594 ||| DROPPING potion of berserk rage.
  2595 | D:2      | 2595 ||| DROPPING potion of degeneration.
  2713 | D:3      | Found an opulent altar of Gozag.
  2727 | D:3      | 2727 ||| Stepping ~*~*~tactically~*~*~ (stealth).
  2847 | D:3      | Found a stormy altar of Qazlal.
  2932 | D:3      | 2932 ||| UPGRADING to +0 pair of gloves.
  2937 | D:3      | 2937 ||| READING scroll labelled ILUYN ZOIT.
  2938 | D:3      | 2938 ||| READING scroll labelled PIOPTO WAASAZA.
  2943 | D:3      | 2943 ||| READING 2 scrolls of identify.
  2943 | D:3      | 2943 ||| IDENTIFYING murky inky potion
  2944 | D:3      | 2944 ||| DROPPING potion of invisibility.
  2966 | D:4      | 2966 ||| STAIRDANCE
  2983 | D:4      | Reached skill level 5 in Axes
  2989 | D:4      | Found an iron altar of Okawaru.
  3026 | D:4      | Reached XP level 6. HP: 20/39 MP: 6/6
  3026 | D:4      | 3026 ||| FLEEEEING.
  3027 | D:4      | 3027 ||| FLEEEEING.
  3028 | D:4      | 3028 ||| FLEEEEING.
  3029 | D:4      | 3029 ||| STAIRDANCE
  3202 | D:4      | 3202 ||| Stepping ~*~*~tactically~*~*~ (stealth).
  3240 | D:4      | 3240 ||| Stepping ~*~*~tactically~*~*~ (stealth).
  3241 | D:4      | 3241 ||| Stepping ~*~*~tactically~*~*~ (stealth).
  3243 | D:4      | 3243 ||| Stepping ~*~*~tactically~*~*~ (stealth).
  3249 | D:4      | 3249 ||| Stepping ~*~*~tactically~*~*~ (stealth).
  3250 | D:4      | 3250 ||| Stepping ~*~*~tactically~*~*~ (stealth).
  3287 | D:4      | 3287 ||| FLEEEEING.
  3289 | D:4      | 3289 ||| Stepping ~*~*~tactically~*~*~ (stealth).
  3291 | D:4      | 3291 ||| Stepping ~*~*~tactically~*~*~ (stealth).
  3293 | D:4      | 3293 ||| Stepping ~*~*~tactically~*~*~ (stealth).
  3305 | D:4      | 3305 ||| FLEEEEING.
  3306 | D:4      | 3306 ||| FLEEEEING.
  3307 | D:4      | 3307 ||| FLEEEEING.
  3308 | D:4      | 3308 ||| FLEEEEING.
  3309 | D:4      | 3309 ||| FLEEEEING.
  3310 | D:4      | 3310 ||| FLEEEEING.
  3312 | D:4      | 3312 ||| FLEEEEING.
  3313 | D:4      | 3313 ||| FLEEEEING.
  3315 | D:4      | 3315 ||| FLEEEEING.
  3316 | D:4      | 3316 ||| FLEEEEING.
  3317 | D:4      | 3317 ||| FLEEEEING.
  3318 | D:4      | 3318 ||| FLEEEEING.
  3319 | D:4      | 3319 ||| FLEEEEING.
  3320 | D:4      | 3320 ||| STAIRDANCE
  3395 | D:4      | 3395 ||| STAIRDANCE
  3455 | D:4      | 3455 ||| Stepping ~*~*~tactically~*~*~ (stealth).
  3466 | D:4      | 3466 ||| Stepping ~*~*~tactically~*~*~ (stealth).
  3470 | D:4      | 3470 ||| Stepping ~*~*~tactically~*~*~ (stealth).
  3476 | D:4      | Reached skill level 6 in Axes
  3476 | D:4      | Reached XP level 7. HP: 41/44 MP: 7/7
  3595 | D:4      | 3595 ||| Stepping ~*~*~tactically~*~*~ (stealth).
  3614 | D:4      | 3614 ||| Stepping ~*~*~tactically~*~*~ (stealth).
  3615 | D:4      | 3615 ||| Stepping ~*~*~tactically~*~*~ (stealth).
  3616 | D:4      | 3616 ||| Stepping ~*~*~tactically~*~*~ (stealth).
  3826 | D:4      | 3826 ||| SWAPPING to +2 war axe.
  3827 | D:4      | 3827 ||| DROPPING +1 war axe.
  3843 | D:4      | Found a burning altar of Makhleb.
  3948 | D:4      | 3948 ||| Stepping ~*~*~tactically~*~*~ (stealth).
  3984 | D:4      | 3984 ||| DRINKING 3 potions of curing.
  3984 | D:4      | 3984 ||| (to cure confusion)
  4069 | D:4      | Noticed Dowan
  4070 | D:4      | 4070 ||| Stepping ~*~*~tactically~*~*~ (hiding).
  4072 | D:4      | 4072 ||| Stepping ~*~*~tactically~*~*~ (hiding).
  4073 | D:4      | 4073 ||| Stepping ~*~*~tactically~*~*~ (hiding).
  4074 | D:4      | 4074 ||| Stepping ~*~*~tactically~*~*~ (hiding).
  4083 | D:4      | Killed Dowan
  4084 | D:4      | Reached skill level 7 in Axes
  4093 | D:4      | Noticed Duvessa
  4094 | D:4      | 4094 ||| FLEEEEING.
  4095 | D:4      | 4095 ||| FLEEEEING.
  4096 | D:4      | 4096 ||| FLEEEEING.
  4097 | D:4      | 4097 ||| FLEEEEING.
  4100 | D:4      | HP: 11/44 [Duvessa/+0 short sword of venom (7)]
  4101 | D:4      | 4101 ||| DRINKING 3 potions of heal wounds.
  4107 | D:4      | HP: 3/44 [Duvessa/+0 short sword of venom (15)]
  4108 | D:4      | 4108 ||| DRINKING 2 potions of heal wounds.
  4108 | D:4      | Slain by Duvessa

Levels and vault maps discovered:
D:1:      dpeg_arrival_round_b, layout_basic,
          hangedman_abyss_or_decor_lesser_grid
D:2:      layout_basic, minmay_vboxes
D:3:      layout_rooms, nicolae_gozag_cash_rules_everything_around_me,
          cheibrodos_ashenzari_chains, mainiacjoe_overflow_alcove_4
D:4:      minmay_octagon_keep, layout_basic, kennysheep_little_box,
          mainiacjoe_overflow_tiny_flanked, kennysheep_crisscross, uniq_duvessa

Skill      XL: |  1  2  3  4  5  6  7 |
---------------+----------------------+-----
Axes           | 2 3 4 5 6 7 |  7.0
Fighting       | 4 |  4.6
Armour         | 4 |  4.3
Shields        | |  3.2

Action                   |  1- 3 |  4- 6 |  7- 9 || total
-------------------------+-------+-------+-------++-------
Melee: War axe           |    79 |   102 |    62 ||   243
Throw: Boomerang         |       |    43 |    10 ||    53
  Use: Scroll            |     4 |     9 |       ||    13
       Potion            |     3 |     2 |     3 ||     8
Armor: Scale mail        |    22 |       |       ||    22
       Plate armour      |    16 |    71 |    26 ||   113
Dodge: Dodged            |    23 |    29 |     9 ||    61
Block: Buckler           |    20 |    43 |    12 ||    75

Table legend:
 A = Non-vault XP
 B = Vault XP
 C = Vault XP percentage of total XP
 D = Non-vault monster count
 E = Vault monster count
 F = Vault count percentage of total count
                 A         B        C        D         E       F
            +---------+---------+-------+---------+---------+-------
      Total |     858 |     262 |  23.4 |      84 |      15 |  15.2
            +---------+---------+-------+---------+---------+-------
        D:1 |      49 |       0 |   0.0 |      23 |       0 |   0.0
        D:2 |      43 |      23 |  34.8 |      16 |       6 |  27.3
        D:3 |     104 |       0 |   0.0 |      17 |       0 |   0.0
        D:4 |     662 |     239 |  26.5 |      28 |       9 |  24.3
            +---------+---------+-------+---------+---------+-------
